cohdb
Replays
Latest Replays
All Replays
Popular Replays
Top Player Replays
Match Explorer
How It Works
Community
CoH3 Stats
Reddit
Sign in to upload your games and track your stats! →
Sign in with Steam
Match 44419762
Unlisted
Match 44419762
Overview
Messages
Build Orders
End
Panzergrenadier Squad
Kradschützen Motorcycle Team
Panzergrenadier Squad
Construct Light Support Kompanie
Selects Italian Infantry
2.5-tonne Medical Truck
Selects Defensive Operations
Fire Support Elements
Pak 38 Mechanized Group
Tungsten Core Ammunition
Combat Half-tracks
Panzerpioneer Squad
Pak 38 Anti-tank Gun Team
Forward Retreat Point
Selects Prepared Positions
Construct Panzerarmee Kommand
le.IG 18 Mechanized Group
Panzerpioneer Squad
Armored Reserves
Selects Obice 305mm Barrage
Selects Guastatori Squad
Selects Registered Artillery
Rapid Advance
Tiger Heavy Tank
Obice 305mm Barrage
Advanced Optics
Construct Mechanized Kompanie
18-tonne Recovery Half-track
Panzer IV Assault Group
Obice 305mm Barrage
Advanced Field Repairs
Panzerpioneer Squad
Obice 305mm Barrage
Vehicle Survival Package
MuniekPL
Husar
Zmasowany
Carlos I Emperador de España
Pablo/GH
Sr. Espejo
0
0
Comments
sign in to comment!
No comments posted yet!